 Dungeon Crawl Stone Soup version 0.28.0-53-g5a82cb258f (webtiles) character file.

Game seed: 9094974969992349322

13910 Woods the Martial Artist (level 12, 0/91 HPs)
             Began as a Gnoll Transmuter on June 9, 2022.
             Was a High Priest of Cheibriados.
             Slain by a centaur warrior simulacrum (2 damage)
             ... on level 12 of the Dungeon.
             The game lasted 00:36:40 (15835 turns).

Woods the Martial Artist (Gnoll Transmuter)        Turns: 15835, Time: 00:36:43

Health: 0/91       AC:  2    Str: 22    XL:     12   Next: 11%
Magic:  0/24       EV: 31    Int: 29    God:    Cheibriados [*****.]
Gold:   597        SH:  0    Dex: 30    Spells: 14/28 levels left

rFire   . . .      SeeInvis .     - Unarmed
rCold   . . .      Faith    .   (shield currently unavailable)
rNeg    . . .      Spirit   +   (armour currently unavailable)
rPois   x          Reflect  .   (helmet currently unavailable)
rElec   .          Harm     .   (cloak currently unavailable)
rCorr   .          Rampage  .   (gloves currently unavailable)
Will    .....                   (boots currently unavailable)
Stlth   ++++......              b - amulet of guardian spirit
HPRegen 0.25/turn               g - ring of wizardry
MPRegen 0.19/turn               F - +4 ring of slaying

@: spider-form, very slow
A: venomous fangs, tiny, (fangs 1), strong nose, distributed training
a: End Transformation, Renounce Religion, Bend Time, Temporal Distortion,
Slouch, Step From Time


You were on level 12 of the Dungeon.
You worshipped Cheibriados.
Cheibriados was extremely pleased with you.
You were a venomous arachnid creature.
You visited 2 branches of the dungeon, and saw 13 of its levels.
You also visited: Ossuary and Gauntlet.

You collected 657 gold pieces.
You spent 60 gold pieces at shops.

Inventory:

Hand Weapons
 K - a +1 dagger of flaming
Armour
 a - a +0 robe
 e - a +0 pair of gloves (melded)
 n - a scarf of shadows
 t - a scarf of invisibility (melded)
 u - a +0 cloak
 v - the +1 robe of Patience {+Inv rCorr Str+4}
   (You found it on level 6 of the Dungeon)

   Str:       It affects your strength (+4).
   +Inv:      It lets you turn invisible.
   rCorr:     It protects you from acid and corrosion.
 x - +0 acid dragon scales (melded)
 H - a +0 pair of boots (melded)
Jewellery
 b - an amulet of guardian spirit (around neck)
 g - a ring of wizardry (left front leg)
 B - a ring of fire
 F - a +4 ring of slaying (right front leg)
 G - a ring of magical power
Wands
 k - a wand of mindburst (24)
 l - a wand of iceblast (11)
 s - a wand of paralysis (9)
 y - a wand of flame (7)
Scrolls
 h - 4 scrolls of teleportation
 i - 3 scrolls of enchant weapon
 o - 2 scrolls of enchant armour
 q - a scroll of amnesia
 w - a scroll of blinking
 E - 2 scrolls of immolation
 J - a scroll of magic mapping {unknown}
Potions
 c - 13 potions of curing
 d - 2 potions of cancellation
 f - a potion of heal wounds
 j - 6 potions of flight
 m - 2 potions of berserk rage
 p - a potion of attraction {unknown}
 r - a potion of magic {unknown}
 z - 2 potions of might
 A - a potion of ambrosia {unknown}
 C - 2 potions of haste {unknown}
 D - 2 potions of brilliance {unknown}
 L - a potion of lignification {unknown}


   Skills:
 + Level 7.5 Fighting
 + Level 6.9 Short Blades
 + Level 6.9 Long Blades
 + Level 6.9 Axes
 + Level 6.9 Maces & Flails
 + Level 6.9 Polearms
 + Level 6.9 Staves
 + Level 6.9 Slings
 + Level 6.9 Bows
 + Level 6.9 Crossbows
 + Level 6.9 Throwing
 + Level 6.9 Armour
 + Level 8.4 Dodging
 + Level 6.9 Stealth
 + Level 6.9 Shields
 + Level 9.6 Unarmed Combat
 + Level 8.6 Spellcasting
 + Level 5.7 Conjurations
 + Level 5.7 Hexes
 + Level 5.7 Summonings
 + Level 5.7 Necromancy
 + Level 5.7 Translocations
 + Level 7.0 Transmutations
 + Level 5.7 Fire Magic
 + Level 5.7 Ice Magic
 + Level 5.7 Air Magic
 + Level 5.7 Earth Magic
 + Level 5.7 Poison Magic
 + Level 7.6 Invocations
 + Level 6.9 Evocations


You had 14 spell levels left.
You knew the following spells:

 Your Spells              Type           Power      Damage    Failure   Level
a - Beastly Appendage     Tmut           100%       N/A       1%          1
b - Wereblood             Tmut           52%        N/A       1%          2
c - Spider Form           Tmut/Pois      49%        N/A       1%          3
d - Ice Form              Ice/Tmut       49%        N/A       4%          4
e - Sticky Flame          Conj/Fire      46%        2d6       5%          4

Your spell library contained the following spells:

 Spells                   Type           Power      Damage    Failure   Level
 Foxfire                  Conj/Fire      100%       2x1d9     1%          1
 Pain                     Necr           100%       1d9       1%          1
 Summon Small Mammal      Summ           100%       N/A       1%          1
 Static Discharge         Conj/Air       46%        N/A       1%          2
 Call Canine Familiar     Summ           46%        N/A       2%          3
 Conjure Flame            Conj/Fire      46%        6-21      2%          3
 Ignite Poison            Fire/Tmut/Pois 48%        N/A       2%          3
 Inner Flame              Hex/Fire       46%        N/A       2%          3
 Mephitic Cloud           Conj/Pois/Air  46%        N/A       2%          3
 Ozocubu's Armour         Ice            46%        N/A       2%          3
 Portal Projectile        Hex/Tloc       92%        N/A       2%          3
 Summon Guardian Golem    Hex/Summ       46%        N/A       2%          3
 Dispel Undead            Necr           46%        3d18      5%          4
 Flame Wave               Conj/Fire      46%        2d10      5%          4
 Leda's Liquefaction      Hex/Erth       23%        N/A       5%          4
 Agony                    Necr           46%        N/A       11%         5
 Excruciating Wounds      Necr           23%        N/A       11%         5
 Freezing Cloud           Conj/Ice/Air   23%        6-21      11%         5
 Metabolic Englaciation   Hex/Ice        23%        N/A       11%         5
 Simulacrum               Ice/Necr       23%        N/A       38%         6


Dungeon Overview and Level Annotations

Branches:
Dungeon (12/15)            Temple (1/1) D:5            Lair (0/6) D:11
    Orc (0/2) D:10        Ossuary (visited)         Gauntlet (visited)

Altars:
Ashenzari
Cheibriados
Dithmenos
Elyvilon
Fedhas
Gozag
Hepliaklqana
Kikubaaqudgha
Makhleb
Nemelex Xobeh
Okawaru
Qazlal
Ru
Sif Muna
Trog
Uskayaw
Vehumet
Wu Jian
Xom
Yredelemnul
Zin
The Shining One

Shops:
D:4 ?!

Annotations:
D:7 4 exclusions
D:10 3 runed translucent doors, SuperSeabass's ghost, journeyman PaAK
D:11 exclusion: efreet


Innate Abilities, Weirdness & Mutations

You are a venomous arachnid creature.
You have poisonous fangs.
You are tiny and dextrous.
Your spellcasting is less reliable in this form.
Your armour is entirely melded.
You are incapable of wielding weapons or throwing items.
((You have very sharp teeth.))
Your uncanny sense of smell can sniff out nearby items.
Your experience applies equally to all skills.


Message History

A slime creature comes into view.
You bite the slime creature!
The slime creature is severely wounded.
The slime creature completely misses you.
You bite the slime creature!
The slime creature is almost dead.
The slime creature hits you!
You bite the slime creature!
You kill the slime creature!
Cheibriados thoroughly appreciates the change of pace.
The centaur warrior simulacrum hits you.
The centaur warrior simulacrum freezes you!!
The centaur warrior simulacrum misses you.
A slime creature comes into view.
The centaur warrior simulacrum completely misses you.
The centaur warrior simulacrum barely misses you.
The slime creature moves out of view.
The centaur warrior simulacrum completely misses you.
The centaur warrior simulacrum closely misses you.
A slime creature comes into view.
The slime creature completely misses you.
The slime creature hits you! The slime creature hits you!
* * * LOW HITPOINT WARNING * * *
The slime creature completely misses you.
The slime creature completely misses you.
Two slime creatures merge to form a large slime creature.
Unknown command.
As you read the scroll of fear, it crumbles to dust.
You assume a fearsome visage.
The centaur warrior simulacrum is unaffected.
The large slime creature looks frightened!
You hit the centaur warrior simulacrum.
The centaur warrior simulacrum is moderately damaged.
The centaur warrior simulacrum hits you!
* * * LOW HITPOINT WARNING * * *
The centaur warrior simulacrum freezes you!!
* * * LOW HITPOINT WARNING * * *
The centaur warrior simulacrum kicks you.
You die...

#.# #.# #.##.# ..##.#
∆ #.#J.# #.#.## #.#.#
#.#Z# ##### #.#s#
...###.#.# ##.#.....#
##....#####
##.....########
#..............
########.....########
#............#
#.########.#.#


You could see a large slime creature (fleeing) and a centaur warrior simulacrum.

Vanquished Creatures
  3 two-headed ogres
  Nergalle (D:11)
  2 gargoyles (D:11)
  2 trolls
  A hornet (D:9)
  A slime creature (D:12)
  A shadow (D:10)
  A vampire (D:10)
  A wyvern (D:7)
  4 water elementals (D:10)
  A wraith (D:11)
  8 yaks (D:9)
  A steam dragon (D:7)
  Menkaure (D:6)
  An acid dragon (D:10)
  A black bear (D:6)
  2 ice beasts
  8 orc warriors
  3 sky beasts
  An ogre (D:5)
  2 necrophages
  4 centaurs
  2 phantoms
  A kobold brigand (D:6)
  A bullfrog (D:6)
  7 elf zombies (Ossuary)
  A wyvern zombie (D:7)
  3 gnoll sergeants
  A scorpion (D:6)
  A water moccasin skeleton (D:5)
  3 killer bees (D:10)
  5 wights (D:8)
  A howler monkey (D:10)
  A bullfrog zombie (D:6)
  15 centaur zombies
  3 human zombies
  2 jellies
  2 centaur skeletons
  3 hounds
  6 orc priests
  A scorpion zombie (D:5)
  Jessica (D:2)
  2 bullfrog skeletons (D:5)
  Ijyb (D:3)
  3 iguanas (D:6)
  8 orc wizards
  4 mummies
  2 howler monkey zombies (D:10)
  Robin (D:3)
  A howler monkey skeleton (D:5)
  4 adders
  17 gnolls
  3 white imps
  An adder skeleton (D:4)
  3 worms
  2 dart slugs
  52 orcs
  6 bats
  3 endoplasms (D:2)
  3 giant cockroaches
  13 goblins
  6 hobgoblins
  2 jackals (D:1)
  5 quokkas
  5 ball pythons
  3 frilled lizards
  8 kobolds
  3 rats
271 creatures vanquished.

Notes
Turn   | Place    | Note
-------+----------+-------------------------------------------
     0 | D:1      | Woods the Gnoll Transmuter began the quest for the Orb.
     0 | D:1      | Reached XP level 1. HP: 17/17 MP: 6/6
   130 | D:1      | Reached XP level 2. HP: 23/23 MP: 5/7
   780 | D:2      | Reached XP level 3. HP: 28/28 MP: 7/9
   801 | D:2      | Reached skill level 5 in Spellcasting
   884 | D:2      | Found a faded altar of an unknown god.
   952 | D:2      | Reached skill level 1 in Invocations
  1050 | D:1      | Learned a level 2 spell: Wereblood
  1054 | D:1      | Learned a level 3 spell: Spider Form
  1147 | D:2      | Reached skill level 1 in Short Blades
  1147 | D:2      | Reached skill level 1 in Long Blades
  1147 | D:2      | Reached skill level 1 in Axes
  1147 | D:2      | Reached skill level 1 in Maces & Flails
  1147 | D:2      | Reached skill level 1 in Polearms
  1147 | D:2      | Reached skill level 1 in Staves
  1147 | D:2      | Reached skill level 1 in Slings
  1147 | D:2      | Reached skill level 1 in Bows
  1147 | D:2      | Reached skill level 1 in Crossbows
  1147 | D:2      | Reached skill level 1 in Throwing
  1147 | D:2      | Reached skill level 1 in Armour
  1147 | D:2      | Reached skill level 1 in Stealth
  1147 | D:2      | Reached skill level 1 in Shields
  1147 | D:2      | Reached skill level 1 in Evocations
  1198 | D:2      | Noticed Jessica
  1205 | D:2      | Killed Jessica
  1206 | D:2      | Reached XP level 4. HP: 24/34 MP: 4/11
  1494 | D:3      | Noticed Ijyb
  1541 | D:3      | Killed Ijyb
  1542 | D:3      | Reached skill level 1 in Conjurations
  1542 | D:3      | Reached skill level 1 in Hexes
  1542 | D:3      | Reached skill level 1 in Summonings
  1542 | D:3      | Reached skill level 1 in Necromancy
  1542 | D:3      | Reached skill level 1 in Translocations
  1542 | D:3      | Reached skill level 1 in Fire Magic
  1542 | D:3      | Reached skill level 1 in Ice Magic
  1542 | D:3      | Reached skill level 1 in Air Magic
  1542 | D:3      | Reached skill level 1 in Earth Magic
  1542 | D:3      | Reached skill level 1 in Poison Magic
  1545 | D:3      | Reached XP level 5. HP: 15/40 MP: 2/12
  2055 | D:3      | Noticed Robin
  2072 | D:3      | Killed Robin
  2363 | D:3      | Found a sacrificial altar of Ru.
  2571 | D:4      | Found Qalorph's Magic Scroll Shop.
  2574 | D:4      | Bought 3 scrolls of identify for 60 gold pieces
  2785 | D:4      | Found Ruiptial's Distillery.
  2911 | D:4      | Reached XP level 6. HP: 21/47 MP: 3/13
  3501 | D:4      | Reached skill level 5 in Dodging
  4478 | D:5      | Entered Level 5 of the Dungeon
  4478 | D:5      | Found a staircase to the Ecumenical Temple.
  4480 | D:5      | Noticed a sky beast
  4515 | D:5      | Noticed a necrophage
  4527 | D:5      | Killed a necrophage
  4528 | D:5      | Reached XP level 7. HP: 52/52 MP: 12/15
  4530 | D:5      | Reached skill level 7 in Unarmed Combat
  4781 | Temple   | Entered the Ecumenical Temple
  5116 | Temple   | Became a worshipper of Cheibriados the Contemplative
  5325 | D:5      | Reached XP level 8. HP: 56/60 MP: 14/16
  5532 | D:5      | Found a bloodstained altar of Trog.
  5997 | D:6      | Noticed Menkaure
  6007 | D:6      | Killed Menkaure
  6007 | D:6      | Reached * piety under Cheibriados
  6409 | D:6      | Found an opulent altar of Gozag.
  6590 | D:6      | HP: 2/61 [gnoll sergeant/+3 spear of venom (4)]
  7093 | D:6      | Reached skill level 5 in Transmutations
  7093 | D:6      | Reached XP level 9. HP: 66/66 MP: 18/18
  7322 | D:6      | Found an ancient bone altar of Kikubaaqudgha.
  7340 | D:6      | Identified the +1 robe of Patience {+Inv rCorr Str+4}
  7729 | D:6      | Found a glowing silver altar of Zin.
  7958 | D:7      | Reached ** piety under Cheibriados
  8066 | D:7      | Reached skill level 5 in Fighting
  8156 | D:7      | Found a sand-covered staircase.
  8163 | Ossuary  | Entered an ossuary
  8276 | Ossuary  | Reached skill level 8 in Unarmed Combat
  8413 | Ossuary  | Reached skill level 5 in Invocations
  8978 | D:7      | Learned a level 4 spell: Ice Form
  8983 | D:7      | Learned a level 4 spell: Sticky Flame
  9092 | D:7      | Found a broken altar of Ashenzari.
  9103 | D:7      | Noticed a +0 dagger
  9103 | D:7      | Noticed a +0 falchion
  9105 | D:7      | Noticed a +0 short sword
  9105 | D:7      | Noticed a +0 short sword
  9105 | D:7      | Noticed a +0 spear
  9105 | D:7      | Noticed a +0 falchion
  9106 | D:7      | Noticed a +0 dagger
  9107 | D:7      | Noticed a +0 spear
  9112 | D:7      | Found a hide-covered altar of Uskayaw.
  9157 | D:7      | Reached XP level 10. HP: 48/74 MP: 9/20
 10019 | D:8      | Noticed a two-headed ogre
 10039 | D:8      | Killed a two-headed ogre
 10040 | D:8      | Reached skill level 5 in Short Blades
 10040 | D:8      | Reached skill level 5 in Long Blades
 10040 | D:8      | Reached skill level 5 in Axes
 10040 | D:8      | Reached skill level 5 in Maces & Flails
 10040 | D:8      | Reached skill level 5 in Polearms
 10040 | D:8      | Reached skill level 5 in Staves
 10040 | D:8      | Reached skill level 5 in Slings
 10040 | D:8      | Reached skill level 5 in Bows
 10040 | D:8      | Reached skill level 5 in Crossbows
 10040 | D:8      | Reached skill level 5 in Throwing
 10040 | D:8      | Reached skill level 5 in Armour
 10040 | D:8      | Reached skill level 5 in Stealth
 10040 | D:8      | Reached skill level 5 in Shields
 10040 | D:8      | Reached skill level 5 in Evocations
 10505 | D:8      | You fall into a shaft and drop 1 floor!
 10549 | D:9      | Found a shadowy altar of Dithmenos.
 10789 | D:9      | Reached *** piety under Cheibriados
 11633 | D:9      | Found an iron altar of Okawaru.
 11772 | D:9      | Found a white marble altar of Elyvilon.
 12025 | D:9      | Reached **** piety under Cheibriados
 12378 | D:9      | Found a glowing golden altar of the Shining One.
 12438 | D:9      | Noticed a two-headed ogre
 12451 | D:9      | Killed a two-headed ogre
 12452 | D:9      | Reached XP level 11. HP: 64/83 MP: 15/22
 12815 | D:10     | Entered Level 10 of the Dungeon
 13219 | D:11     | Found a staircase to the Lair.
 13264 | D:11     | Found the dreamshard necklace {*Dream Drain}
 13272 | D:11     | Noticed Nergalle
 13337 | D:11     | Found a gate leading to a gauntlet.
 13345 | Gauntlet | Entered a Gauntlet
 13345 | Gauntlet | Found a transporter.
 13355 | Gauntlet | Found a transporter.
 13356 | Gauntlet | Found a transporter.
 13357 | Gauntlet | Found a transporter.
 13368 | Gauntlet | Found a transporter.
 13369 | Gauntlet | Found a transporter.
 13369 | Gauntlet | Found a transporter.
 13377 | Gauntlet | Found a transporter.
 13380 | Gauntlet | Found a transporter.
 13381 | Gauntlet | Found a transporter.
 13386 | Gauntlet | Noticed a ghost crab
 13400 | Gauntlet | Found a transporter.
 13401 | Gauntlet | Found a transporter.
 13402 | Gauntlet | Found a transporter.
 13406 | Gauntlet | Found a runed translucent door.
 13408 | Gauntlet | Found a runed translucent door.
 13409 | Gauntlet | Noticed a green death
 13410 | Gauntlet | Found a transporter.
 13485 | Gauntlet | Noticed a manticore
 13485 | Gauntlet | a floating eye changed into a manticore
 13516 | D:11     | Reached skill level 9 in Unarmed Combat
 13655 | D:11     | Reached skill level 5 in Conjurations
 13655 | D:11     | Reached skill level 5 in Hexes
 13655 | D:11     | Reached skill level 5 in Summonings
 13655 | D:11     | Reached skill level 5 in Necromancy
 13655 | D:11     | Reached skill level 5 in Translocations
 13655 | D:11     | Reached skill level 5 in Fire Magic
 13655 | D:11     | Reached skill level 5 in Ice Magic
 13655 | D:11     | Reached skill level 5 in Air Magic
 13655 | D:11     | Reached skill level 5 in Earth Magic
 13655 | D:11     | Reached skill level 5 in Poison Magic
 14213 | D:10     | Found a runed translucent gate.
 14213 | D:10     | Found a runed translucent gate.
 14213 | D:10     | Found a runed translucent gate.
 14213 | D:10     | Noticed SuperSeabass's ghost (journeyman PaAK)
 14268 | D:10     | Found an ornate altar of the Wu Jian Council.
 14704 | D:10     | Reached ***** piety under Cheibriados
 14811 | D:10     | Found a staircase to the Orcish Mines.
 15030 | D:10     | Found a basalt altar of Yredelemnul.
 15247 | D:11     | Killed Nergalle
 15441 | D:11     | Reached XP level 12. HP: 91/91 MP: 18/24
 15806 | D:12     | Noticed a two-headed ogre
 15816 | D:12     | Killed a two-headed ogre
 15835 | D:12     | HP: 2/91 [centaur warrior simulacrum (19)]
 15835 | D:12     | Slain by a centaur warrior simulacrum

Illustrated notes

Levels and vault maps discovered:
D:1:      amcnicky_arrival_blooded_trapdoor, layout_basic, nrook_loot_triangle
D:2:      layout_rooms, nicolae_ecumenical_lake_church, minmay_tall_x,
          uniq_jessica
D:3:      layout_loops_ring, general_overflow_altar, uniq_robin, uniq_ijyb
D:4:      layout_loops_corners, serial_shops, nicolae_stop_n_shop_2,
          nicolae_shop_crystal
D:5:      layout_rooms, trog_antimagical, minmay_temple_entry_butterflies
D:6:      layout_cave_pools, lemuel_tele_altar, nicolae_gozag_seed_capital,
          mainiacjoe_overflow_six_doors_small, uniq_menkaure
D:7:      nicolae_whirlpool, layout_loops_corners, nicolae_uskayaw_en_pointe,
          ashenzari_altar_1, chequers_ossuary_entry_cave
D:8:      layout_rooms, hellmonk_bongcloud_opening, nicolae_figureground_sparkle
D:9:      layout_layer_cave, amcnicky_altar_gilded,
          mainiacjoe_overflow_cross_hatched, grunt_dithmenos_smoke,
          nicolae_elyvilon_peaceful_grove, serial_glass, glass_columns_a,
          glass_columns_a, mrwooster_statue_mirror
D:10:     layout_cave_pools, lemuel_mausoleum_altar_yredelemnul,
          overflow_temple_1_default, david_orc_4, ebering_ghost_rock_garden,
          nicolae_underground_beach
D:11:     layout_stronghold, lair_entry_dummy, serial_glass, glass_columns_c,
          glass_columns_c, item_on_display_a, due_unseen_surprise,
          minmay_strange_pillars, gauntlet_entry_generic,
          minmay_misc_feat_diagonals, uniq_nergalle
D:12:     minmay_tile_spiral, layout_loops_ring, uniq_urug
Temple:   compressed_dpeg_triangle_lava_temple

Skill      XL: |  1  2  3  4  5  6  7  8  9 10 11 12 |
---------------+-------------------------------------+-----
Spellcasting   | 5 6 7 8 |  8.6
Invocations    | 1 2 3 4 5 6 7 |  7.6
Short Blades   | 1 2 3 4 5 6 |  6.9
Long Blades    | 1 2 3 4 5 6 |  6.9
Axes           | 1 2 3 4 5 6 |  6.9
Maces & Flails | 1 2 3 4 5 6 |  6.9
Polearms       | 1 2 3 4 5 6 |  6.9
Staves         | 1 2 3 4 5 6 |  6.9
Slings         | 1 2 3 4 5 6 |  6.9
Bows           | 1 2 3 4 5 6 |  6.9
Crossbows      | 1 2 3 4 5 6 |  6.9
Throwing       | 1 2 3 4 5 6 |  6.9
Armour         | 1 2 3 4 5 6 |  6.9
Stealth        | 1 2 3 4 5 6 |  6.9
Shields        | 1 2 3 4 5 6 |  6.9
Evocations     | 1 2 3 4 5 6 |  6.9
Conjurations   | 1 2 3 4 5 |  5.7
Hexes          | 1 2 3 4 5 |  5.7
Summonings     | 1 2 3 4 5 |  5.7
Necromancy     | 1 2 3 4 5 |  5.7
Translocations | 1 2 3 4 5 |  5.7
Fire Magic     | 1 2 3 4 5 |  5.7
Ice Magic      | 1 2 3 4 5 |  5.7
Air Magic      | 1 2 3 4 5 |  5.7
Earth Magic    | 1 2 3 4 5 |  5.7
Poison Magic   | 1 2 3 4 5 |  5.7
Fighting       | 3 4 5 6 7 |  7.5
Transmutations | 4 5 6 7 |  7.0
Dodging        | 5 6 7 8 |  8.4
Unarmed Combat | 7 8 9 |  9.6

Action                   |  1- 3 |  4- 6 |  7- 9 | 10-12 || total
-------------------------+-------+-------+-------+-------++-------
Melee: Unarmed           |    60 |   152 |   376 |   354 ||   942
       Kick              |     9 |    12 |       |       ||    21
       Headbutt          |    10 |     2 |       |       ||    12
       Bite              |     3 |     3 |     3 |       ||     9
       Punch             |       |     2 |     1 |       ||     3
 Cast: Beastly Appendage |    16 |    14 |       |       ||    30
       Spider Form       |     1 |    21 |    36 |    28 ||    86
       Wereblood         |       |     1 |     2 |     4 ||     7
       Ice Form          |       |       |       |    17 ||    17
 Abil: End Transformatio |       |       |     7 |     6 ||    13
  Use: Scroll            |       |     7 |     5 |    10 ||    22
       Potion            |       |       |     2 |     1 ||     3
 Stab: Sleeping          |       |     3 |     4 |     6 ||    13
       Distracted        |       |       |       |     1 ||     1
Armor: Robe              |     8 |    13 |     2 |       ||    23
       Skin              |       |     4 |    11 |    57 ||    72
Dodge: Dodged            |    37 |   114 |   317 |   342 ||   810
